 Dungeon Crawl Stone Soup version 0.22.1-1-ga44c0e56f4 (webtiles) character file.

211 Bonefst the Insei (level 5, -2/42 HPs)
             Began as a Demonspawn Monk on Sept 25, 2018.
             Slain by Edmund
             ... wielding a +1 flail of holy wrath
              (5 damage)
             ... on level 4 of the Dungeon.
             The game lasted 00:22:52 (3184 turns).

Bonefst the Insei (Demonspawn Monk)                 Turns: 3184, Time: 00:22:52

Health: -2/42      AC:  2    Str: 12    XL:     5   Next: 57%
Magic:  5/5        EV: 14    Int: 11    God:    Xom [..*...]
Gold:   171        SH:  0    Dex: 16    Spells: 4/4 levels left

rFire    . . .     SeeInvis .     - Unarmed
rCold    . . .     Gourm    .   (no shield)
rNeg     . . .     Faith    .   a - +0 robe
rPois    .         Spirit   .   (no helmet)
rElec    .         Reflect  .   (no cloak)
rCorr    .         Harm     .   (gloves unavailable)
MR       .....                  (no boots)
Stlth    ++........             (no amulet)
HPRegen  0.14/turn              (no ring)
MPRegen  0.09/turn              (no ring)

@: no status effects
A: claws 3
a: Renounce Religion


You were on level 4 of the Dungeon.
You worshipped Xom.
You were a toy of Xom.
You were not hungry.

You visited 1 branch of the dungeon, and saw 4 of its levels.

You collected 171 gold pieces.

Inventory:

Hand Weapons
 d - a cursed -3 hunting sling
Armour
 a - a +0 robe (worn)
 s - a +0 robe
Jewellery
 f - a cursed amulet of inaccuracy {unknown}
 p - a cursed ring of attention {unknown}
Wands
 l - a wand of random effects (30)
Scrolls
 c - a scroll of fog {unknown}
 g - a scroll of random uselessness {unknown}
 i - 2 scrolls of magic mapping {unknown}
 j - 2 scrolls of teleportation {unknown}
 k - a scroll of enchant weapon {unknown}
 m - 2 scrolls of amnesia {unknown}
 n - a scroll of fear {unknown}
 o - a scroll of identify {unknown}
 r - a scroll of remove curse {unknown}
 t - a scroll of enchant armour {unknown}
Potions
 e - a potion of might {unknown}
 h - 3 potions of haste {unknown}
Comestibles
 b - 5 rations
 q - a chunk of flesh


   Skills:
 + Level 3.7 Fighting
 + Level 3.3 Dodging
 + Level 2.8 Stealth
 + Level 4.5 Unarmed Combat


You had 4 spell levels left.
You didn't know any spells.
Your spell library was empty.

Dungeon Overview and Level Annotations

Branches:
Dungeon (4/15)
 Temple: D:4-7

Altars:
Vehumet
Xom

Annotations:
D:2 Belius's ghost, amateur DrTm
D:4 Edmund


Innate Abilities, Weirdness & Mutations

You have claws for hands.


Message History

You scratch Edmund.
Edmund is heavily wounded.
Edmund barely misses you.
You claw Edmund!
Edmund is almost dead.
You closely miss Edmund.
Edmund is almost dead.
Edmund hits you with a flail of holy wrath.
* * * LOW HITPOINT WARNING * * *
You convulse.
* * * LOW HITPOINT WARNING * * *
You barely miss Edmund.
Edmund is almost dead.
Edmund closely misses you.
Edmund hits you with a flail of holy wrath.
* * * LOW HITPOINT WARNING * * *
You convulse.
* * * LOW HITPOINT WARNING * * *
Edmund hits you with a flail of holy wrath.
You die...

#.##..... #.##.....
#.##.##.# #.##.##.#
#######
#####.##.##.###.....#
......#......##.....#
....................#
....)........##..@..#
######.....####.@...#
##...## ####### ###.#
#.# #.# #.# #.# ##


You could see Edmund.

Vanquished Creatures
  A scorpion (D:4)
  An orc wizard (D:4)
  5 adders
  2 worms
  3 dart slugs (D:1)
  7 leopard geckos
  11 orcs
  A ball python (D:3)
  3 bats
  3 giant cockroaches
  6 goblins
  7 hobgoblins
  A kobold (D:1)
  2 quokkas
  3 frilled lizards
  5 rats
61 creatures vanquished.

Notes
Turn   | Place    | Note
-------+----------+-------------------------------------------
     0 | D:1      | Bonefst the Demonspawn Monk began the quest for the Orb.
     0 | D:1      | Reached XP level 1. HP: 18/18 MP: 1/1
   266 | D:1      | Gained mutation: You have sharp fingernails. [demonic
                  | ancestry]
   266 | D:1      | Reached XP level 2. HP: 24/24 MP: 2/2
   332 | D:1      | Reached skill level 3 in Unarmed Combat
   913 | D:1      | Gained mutation: You have very sharp fingernails. [demonic
                  | ancestry]
   913 | D:1      | Reached XP level 3. HP: 28/29 MP: 3/3
  1444 | D:2      | Gained mutation: You have claws for hands. [demonic
                  | ancestry]
  1444 | D:2      | Reached XP level 4. HP: 35/35 MP: 4/4
  1644 | D:3      | Found a runed door.
  1646 | D:3      | Noticed Belius's ghost (amateur DrTm)
  2334 | D:3      | Reached skill level 4 in Unarmed Combat
  2412 | D:3      | Found a faded altar of an unknown god.
  2417 | D:3      | Became a worshipper of Vehumet
  2417 | D:3      | Reached * piety under Vehumet
  2417 | D:3      | Offered knowledge of Magic Dart by Vehumet.
  2417 | D:3      | Reached ** piety under Vehumet
  2573 | D:3      | Found a shimmering altar of Xom.
  2594 | D:3      | Fell from the grace of Vehumet
  2594 | D:3      | Became a worshipper of Xom of Enforced Whimsey
  2638 | D:3      | You fall through a shaft!
  2749 | D:4      | XOM: divination: detect creatures
  2759 | D:4      | Reached XP level 5. HP: 23/42 MP: 5/5
  3153 | D:4      | Noticed Edmund
  3159 | D:4      | XOM: mild Pois miscast
  3184 | D:4      | Slain by Edmund

Skill      XL: |  1  2  3  4 |
---------------+-------------+-----
Unarmed Combat | 3 4 |  4.5
Stealth        | 2 |  2.8
Dodging        | 3 |  3.3
Fighting       | |  3.7

Action                   |  1- 3 |  4- 6 || total
-------------------------+-------+-------++-------
Melee: Unarmed           |   110 |   137 ||   247
       Punch             |       |     4 ||     4
 Stab: Sleeping          |     3 |     4 ||     7
  Eat: Chunk             |     1 |     3 ||     4
       Ration            |     1 |       ||     1
Armor: Robe              |     5 |    16 ||    21
Dodge: Dodged            |    63 |    74 ||   137
